 Dungeon Crawl Stone Soup version 0.30-a0-222-ge547ba4400 (webtiles) character file.

Game seed: 11942106466516158619

343 heikuro the Shield-Bearer (level 6, -15/49 HPs)
             Began as a Formicid Fighter on Oct 8, 2022.
             Was an Initiate of Wu Jian.
             Demolished by an ogre
             ... wielding a +0 giant spiked club
              (31 damage)
             ... on level 5 of the Dungeon.
             The game lasted 00:06:53 (2970 turns).

heikuro the Shield-Bearer (Formicid Fighter)        Turns: 2970, Time: 00:06:54

Health: -15/49     AC: 12    Str: 22    XL:     6   Next: 88%
Magic:  15/15      EV:  7    Int:  8    God:    Wu Jian [......]
Gold:   144        SH:  5    Dex: 13    Spells: 5/5 levels left

rFire   . . .      SeeInvis +    a - +0 trident
rCold   . . .      Faith    .    c - +0 buckler
rNeg    . . .      Spirit   .    h - +0 chain mail
rPois   .          Reflect  .    (helmet unavailable)
rElec   .          Harm     .    u - +2 cloak
rCorr   .          Rampage  .    (no gloves)
Will    +....                    (no boots)
Stlth   ..........               (no amulet)
HPRegen 0.28/turn                n - ring of magical power
MPRegen 0.14/turn                t - ring of willpower

@: mighty
A: permanent stasis, dig shafts and tunnels, antennae 3, four strong arms
a: Dig, Shaft Self, Renounce Religion


You were on level 5 of the Dungeon.
You worshipped Wu Jian.
Wu Jian was noncommittal.
You visited 1 branch of the dungeon, and saw 4 of its levels.

You collected 144 gold pieces.

Inventory:

Hand Weapons
 a - a +0 trident (weapon)
Missiles
 i - 6 poisoned darts (quivered)
Armour
 c - a +0 buckler (worn)
 h - a +0 chain mail (worn)
 m - a scarf of shadows
 u - a +2 cloak (worn)
Jewellery
 n - a ring of magical power (left hand)
 r - an amulet of faith
 t - a ring of willpower (right hand)
Scrolls
 e - 2 scrolls of magic mapping {unknown}
 f - 8 scrolls of identify {unknown}
 g - 3 scrolls of immolation {unknown}
 j - 2 scrolls of butterflies {unknown}
 k - a scroll of enchant armour {unknown}
 s - a scroll of summoning {unknown}
 v - a scroll of noise {unknown}
Potions
 b - a potion of attraction {unknown}
 l - a potion of flight {unknown}
 o - a potion of lignification {unknown}
 p - a potion of curing {unknown}
 q - a potion of magic {unknown}
 w - a potion of heal wounds {unknown}


   Skills:
 + Level 4.5 Fighting
 * Level 4.4 Polearms
 + Level 4.6 Armour
 + Level 5.4 Shields


You had 5 spell levels left.
You didn't know any spells.
Your spell library was empty.

Dungeon Overview and Level Annotations

Branches:
Dungeon (5/15)
 Temple: D:4-7

Altars:
Uskayaw
Vehumet
Wu Jian

Shops:
D:1 ?


Innate Abilities, Weirdness & Mutations

You cannot be hasted, slowed, berserked, paralysed or teleported.
You can dig through walls and to a lower floor.
You have a pair of large antennae on your head. (SInv)
Your four strong arms can wield two-handed weapons with a shield.


Message History

The Council accepts your kill.
No target in view!
No target in view!
No target in view!
Items here: )) [ †.
Okay, then.
Okay, then.
Found 11 gold pieces.
Okay, then.
You now have 144 gold pieces (gained 11).
Found a hide-covered altar of Uskayaw.
You puncture the plant!
The plant begins to die.
The plant is lightly damaged.
An ogre comes into view. It is wielding a +0 giant spiked club.
The ogre shouts!
Found a runed scarf.
A nearby plant withers and dies.
Reach: a) +0 trident
Press: ? - help, Dir - move target, f - ogre
Aim: an ogre, wielding a +0 giant spiked club (about 25% to evade your +0 trident)
You reach to attack!
You barely miss the ogre.
An adder comes into view.
Unknown command.
The adder hisses angrily.
The ogre attacks as you move away!
The ogre hits you with a +0 giant spiked club!
You completely miss the ogre.
The ogre hits you with a +0 giant spiked club!
You barely miss the ogre.
You feel very mighty all of a sudden.
The ogre hits you with a +0 giant spiked club!
You barely miss the ogre. You block the adder's attack.
You block the ogre's attack.
Unknown command.
You hit the ogre.
The ogre is lightly wounded.
The adder barely misses you.
The ogre hits you with a +0 giant spiked club!!
Ouch! That really hurt!
You die...

#............
#.P.P.......##
#.P..._.......
#............#
#.........P.###..##..#
###....P......##.......
#.............##.°....#
#......OS#....##°.○.○.##
#......@.####......§..#.
########...........☼°.).
##........##..)...#
#.........##....###
#................).
#..........########
#.........## #.........#
#.........#


You could see an ogre and an adder.

Vanquished Creatures
  An ogre (D:5)
  A hound (D:5)
  Natasha (thrice) (D:2)
  Robin (D:2)
  7 adders
  A worm (D:3)
  3 dart slugs
  4 orcs
  3 ball pythons
  2 bats (D:2)
  8 endoplasms
  4 giant cockroaches
  7 hobgoblins
  4 kobolds
  A quokka (D:1)
  A frilled lizard (D:2)
  13 goblins
  7 rats
71 creatures vanquished.

Vanquished Creatures (others)
  An iguana (D:5)
  A fungus (D:1)
  22 plants
24 creatures vanquished.

Grand Total: 95 creatures vanquished

Notes
Turn   | Place    | Note
-------+----------+-------------------------------------------
     0 | D:1      | heikuro the Formicid Fighter began the quest for the Orb.
     0 | D:1      | Reached XP level 1. HP: 18/18 MP: 1/1
   135 | D:1      | Found Majice's Magic Scroll Shoppe.
   178 | D:1      | Reached XP level 2. HP: 24/24 MP: 2/2
   492 | D:1      | Reached XP level 3. HP: 26/29 MP: 3/3
   891 | D:2      | Noticed Robin
   982 | D:2      | Killed Robin
   993 | D:2      | Reached XP level 4. HP: 34/37 MP: 4/4
  1486 | D:2      | Noticed Natasha
  1493 | D:2      | Killed Natasha
  1494 | D:2      | Reached XP level 5. HP: 42/42 MP: 5/5
  1532 | D:2      | Noticed Natasha
  1544 | D:2      | Killed Natasha
  1743 | D:2      | Noticed Natasha
  1751 | D:2      | Killed Natasha
  2108 | D:3      | Reached skill level 5 in Shields
  2295 | D:3      | Reached XP level 6. HP: 48/48 MP: 6/6
  2496 | D:3      | Found an ornate altar of the Wu Jian Council.
  2504 | D:3      | Became a worshipper of the Wu Jian Council
  2750 | D:3      | You fall into a shaft and drop 2 floors!
  2750 | D:5      | Entered Level 5 of the Dungeon
  2756 | D:5      | Noticed an ogre
  2768 | D:5      | Killed an ogre
  2887 | D:5      | Found a radiant altar of Vehumet.
  2948 | D:5      | Found a hide-covered altar of Uskayaw.
  2957 | D:5      | Noticed an ogre
  2970 | D:5      | Demolished by an ogre

Illustrated notes

Levels and vault maps discovered:
D:1:      wander_arrival_fairy_ring, layout_rooms, serial_shops,
          nicolae_shop_trees, serial_co_window_serial, co_window_paths_a,
          co_window_paths_a, co_window_corner_a, co_window_paths_b,
          co_window_corner_a, co_window_broadway_a, co_window_corner_b,
          co_window_corner_b, co_window_broadway_c, co_window_paths_c,
          co_window_of_opportunity_b, co_window_2corner, glass_columns_c,
          glass_columns_c, glass_columns_b, minmay_pentomino_u4
D:2:      layout_basic, minmay_misc_feat_rugged, kennysheep_cross_room,
          uniq_robin, uniq_natasha
D:3:      layout_rooms, nicolae_overflow_crystal_walls, dk_noncrumbling_2,
          st_stairs_4
D:5:      layout_rooms, mainiacjoe_overflow_cross_hatched, fiery_altar_vehumet,
          minivault_23, uniq_ijyb, uniq_eustachio, uniq_prince_ribbit1

Skill      XL: |  1  2  3  4  5  6 |
---------------+-------------------+-----
Polearms       | 3 4 |  4.4
Armour         | 4 |  4.6
Fighting       | 4 |  4.5
Shields        | 5 |  5.4

Action                   |  1- 3 |  4- 6 || total
-------------------------+-------+-------++-------
Melee: Trident           |    87 |   160 ||   247
Throw: Dart              |       |     3 ||     3
 Abil: Dig               |     1 |     1 ||     2
  Use: Potion            |       |     1 ||     1
Armor: Chain mail        |    38 |    70 ||   108
       Scale mail        |     1 |       ||     1
Dodge: Dodged            |    25 |    39 ||    64
Block: Buckler           |    17 |    30 ||    47

Table legend: (Time is in decaauts)
 A = Elapsed time spent in this place.
 B = Non-inter-level travel time spent in this place.
 C = Inter-level travel time spent in this place.
 D = Time resting spent in this place.
 E = Time spent auto-exploring this place.
 F = Levels seen in this place.
 G = Mean time per level.
                   A        B        C        D        E       F      G
               +--------+--------+--------+--------+--------+-----+--------+
         Total |   3010 |   2966 |     44 |    215 |   1700 |   4 |  752.5 |
       Dungeon |   3010 |   2966 |     44 |    215 |   1700 |   4 |  752.5 |
               +--------+--------+--------+--------+--------+-----+--------+

Top non-repeatable levels by time:
     D:2: 1415 daAuts
     D:1: 722 daAuts
     D:3: 649 daAuts
     D:5: 222 daAuts
